 Dungeon Crawl Stone Soup version 0.31-a0-662-g684573625c (webtiles) character file.

Game seed: 6396472430729401101

154 javelincjr the Magician (level 5, -1/57 HPs)
             Began as a Djinni Conjurer on Aug 31, 2023.
             Slain by an orc wizard
             ... wielding a +0 dagger
              (2 damage)
             ... on level 4 of the Dungeon.
             The game lasted 00:09:26 (2876 turns).

javelincjr the Magician (Djinni Conjurer)           Turns: 2876, Time: 00:09:27

Health: -1/57      AC: 22    Str: 10    XL:     5   Next: 63%
Gold:   176        EV:  2    Int: 21    God:
                   SH:  0    Dex: 12

rFire   + . .        b - +0 lajatang of Ethriosyo {spect, rF+ rC++ Str+4}
rCold   + + .        (shield currently unavailable)
rNeg    . . .        a - melded +0 robe
rPois   ∞            (helmet currently unavailable)
rElec   .            j - melded +1 cloak
rCorr   .            l - melded +0 pair of gloves
SInv    .            (boots unavailable)
Will    .....        (no amulet)
Stlth   +            (no ring)
HPRegen 0.29/turn    (no ring)
MPRegen 0.00/turn

%: infuse magic (-2 HP)
@: confused, tree-form, on berserk cooldown, slowed, very slow
A: stationary, stasis, torment immunity, boosted hp, sickness immunity, (fire
resistance 2), (cold vulnerability 1), float, innate caster, HP casting, extra
vitality 1
a: no special abilities


You were on level 4 of the Dungeon.
You were a tree.
You visited 1 branch of the dungeon, and saw 4 of its levels.

You collected 176 gold pieces.

Inventory:

Hand Weapons
 b - the +0 lajatang of Ethriosyo (weapon) {spect, rF+ rC++ Str+4}
   (You acquired it on level 3 of the Dungeon)

   Str+4:     It affects your strength (+4).
   rF+:       It protects you from fire.
   rC++:      It greatly protects you from cold.
 d - a +1 sling of electrocution
 g - a +1 spectral club
Armour
 a - a +0 robe (melded)
 j - a +1 cloak (melded)
 l - a +0 pair of gloves (melded)
Wands
 f - a wand of polymorph (8)
Scrolls
 c - a scroll of enchant armour
 e - a scroll of teleportation
 h - a scroll of poison {unknown}
 k - 2 scrolls of immolation
 n - a scroll of identify
 o - a scroll of enchant weapon {unknown}


   Skills:
 + Level 1.8 Fighting
 + Level 0.8 Staves
 + Level 3.2 Dodging
 + Level 2.4 Stealth
 * Level 4.0 Spellcasting
 * Level 4.0 Conjurations
 * Level 4.0 Hexes
 * Level 4.0 Summonings
 * Level 4.0 Necromancy
 * Level 4.0 Translocations
 * Level 4.0 Transmutations
 * Level 4.0 Fire Magic
 * Level 4.0 Ice Magic
 * Level 4.0 Air Magic
 * Level 4.0 Earth Magic
 * Level 4.0 Poison Magic


You knew the following spells:

 Your Spells              Type           Power      Damage    Failure   Level
a - Magic Dart            Conj           84%        1d7       2%          1
b - Searing Ray           Conj           42%        2d6       3%          2
c - Dazzling Flash        Conj/Hex       42%        N/A       7%          3
d - Fulminant Prism       Conj/Hex       10%        3d9       22%         4
e - Iskenderun's Mystic   Conj/Tloc      21%        2d6       22%         4
f - Apportation           Tloc           42%        N/A       2%          1
g - Blink                 Tloc           42%        N/A       3%          2
Your spell library was empty.

Dungeon Overview and Level Annotations

Branches:
Dungeon (4/15)
 Temple: D:4-7

Altars:
Wu Jian
Yredelemnul


Innate Abilities, Weirdness & Mutations

You are a tree.
Your roots penetrate the ground, keeping you stationary.
You cannot be teleported.
You are immune to unholy pain and torment.
Your maximum health is greatly increased.
Your equipment is partially melded.
You are immune to sickness and miasma.
You are immune to poison.
((Your flesh is very heat resistant. (rF++)))
((You are vulnerable to cold. (rC-)))
You float through the air rather than walking.
You learn spells naturally, not from books.
Your magical power is your life essence.
You have superior vitality. (+4 MHP)


Message History

Something tries to affect you, but you resist.
You cannot move. (Use ctrl+direction or * direction to attack while stationary and confused.)
You cannot move. (Use ctrl+direction or * direction to attack while stationary and confused.)
You cannot move. (Use ctrl+direction or * direction to attack while stationary and confused.) Saving game... please wait.
Welcome back, javelincjr the Djinni Conjurer.
Press ? for a list of commands and other information.
You cannot move. (Use ctrl+direction or * direction to attack while stationary and confused.) Deactivating autopickup; reactivate with Ctrl-A.
You completely miss something.
Your +0 lajatang of Ethriosyo {spect, rF+ rC++ Str+4} closely misses something.
The orc hits you but does no damage.
The orc closely misses your +0 lajatang of Ethriosyo {spect, rF+ rC++ Str+4}.
You hear some strange, mumbled words.
You are more confused.
You closely miss the orc.
Your +0 lajatang of Ethriosyo {spect, rF+ rC++ Str+4} barely misses the orc.
The orc hits you but does no damage.
The orc barely misses your +0 lajatang of Ethriosyo {spect, rF+ rC++ Str+4}.
Something hits you but does no damage.
You are too berserk!
You attack the rock wall.
Your +0 lajatang of Ethriosyo {spect, rF+ rC++ Str+4} disappears.
Something hits you but does no damage. The orc hits you with a +0 hand axe.
* * * LOW HITPOINT WARNING * * *
You attack the rock wall.
You feel a strong urge to attack something.
The orc hits you but does no damage. Something hits you but does no damage.
You nearly hit yourself!
You are no longer berserk.
You are exhausted.
You feel yourself slow down. The orc hits you with a +0 hand axe.
* * * LOW HITPOINT WARNING * * *
Something hits you but does no damage.
You miss something.
Your +0 lajatang of Ethriosyo {spect, rF+ rC++ Str+4} closely misses something.
The orc hits you but does no damage.
The orc hits your +0 lajatang of Ethriosyo {spect, rF+ rC++ Str+4} but does no damage.
Something completely misses you. Something hits you.
You die...

...................
....................
.....................
.....................
.....................
.....................
.....................
.......(o.!...†......
.......♣{............
#############'####'##
#..........
#.<........
#..........
#..........
#..........
#.....##... #.....#
###


You could see an orc and a friendly +0 lajatang of Ethriosyo {spect, rF+ rC++
Str+4}.

Vanquished Creatures
  An orc priest (D:4)
  Jessica (D:2)
  4 adders
  3 dart slugs
  An orc (D:4)
  7 endoplasms
  3 giant cockroaches
  9 goblins
  6 hobgoblins
  A quokka (D:2)
  4 ball pythons
  3 bats
  3 frilled lizards (D:1)
  5 kobolds
  5 rats
56 creatures vanquished.

Notes
Turn   | Place    | Note
-------+----------+-------------------------------------------
     0 | D:1      | javelincjr the Djinni Conjurer began the quest for the Orb.
     0 | D:1      | javelincjr set off with the following spells memorised:
                  | Magic Dart, Searing Ray, Dazzling Flash, Fulminant Prism,
                  | Iskenderun's Mystic Blast.
     0 | D:1      | Reached XP level 1. HP: 15/15 MP: 0/0
   226 | D:1      | Reached XP level 2. HP: 22/22 MP: 0/0
   583 | D:1      | Reached XP level 3. HP: 26/26 MP: 0/0
   583 | D:1      | Learned a level 1 spell: Apportation
  1069 | D:1      | Reached skill level 1 in Fighting
  1346 | D:2      | Noticed Jessica
  1347 | D:2      | Killed Jessica
  1348 | D:2      | Reached XP level 4. HP: 32/32 MP: 0/0
  1929 | D:3      | Identified a scroll of acquirement
  1932 | D:3      | Acquired the +0 lajatang of Ethriosyo {spect, rF+ rC++
                  | Str+4}
  2099 | D:3      | Found an ornate altar of the Wu Jian Council.
  2136 | D:3      | Found a basalt altar of Yredelemnul.
  2380 | D:3      | Reached XP level 5. HP: 29/37 MP: 0/0
  2380 | D:3      | Learned a level 2 spell: Blink
  2868 | D:4      | HP: 1/38 [orc/+0 hand axe (6)]
  2873 | D:4      | HP: 4/85 [orc/+0 hand axe (1)]
  2875 | D:4      | HP: 1/57 [orc/+0 hand axe (2)]
  2876 | D:4      | Slain by an orc wizard

Illustrated notes

Levels and vault maps discovered:
D:1:      noname_arrival_rooms_in_the_neighbourhood, layout_basic,
          nrook_campfire, minmay_misc_feat_five
D:2:      layout_loops_ring, uniq_jessica
D:3:      layout_loops_corners, mainiacjoe_overflow_alcove_1,
          mainiacjoe_overflow_cross_hatched, grunt_temple_overflow_open,
          serial_rivers, chequers_serial_rivers_micro_d,
          chequers_serial_rivers_room_a, chequers_serial_rivers_small_b,
          chequers_serial_rivers_micro_b, chequers_serial_rivers_small_a
D:4:      layout_gridville

Skill      XL: |  1  2  3  4  5 |
---------------+----------------+-----
Fighting       | 1 |  1.8
Stealth        | 2 |  2.4
Dodging        | 3 |  3.2
Spellcasting   | 4 |  4.0
Conjurations   | 4 |  4.0
Hexes          | 4 |  4.0
Summonings     | 4 |  4.0
Necromancy     | 4 |  4.0
Translocations | 4 |  4.0
Transmutations | 4 |  4.0
Fire Magic     | 4 |  4.0
Ice Magic      | 4 |  4.0
Air Magic      | 4 |  4.0
Earth Magic    | 4 |  4.0
Poison Magic   | 4 |  4.0
Staves         | |  0.8

Action                     |  1- 3 |  4- 6 || total
---------------------------+-------+-------++-------
  Melee: Lajatang          |       |    28 ||    28
   Fire: Sling             |    75 |    19 ||    94
   Cast: Magic Dart        |     7 |    32 ||    39
         Searing Ray       |       |     3 ||     3
         Dazzling Flash    |       |     1 ||     1
    Use: Scroll            |       |     6 ||     6
         Potion            |       |     3 ||     3
   Stab: Invisible         |       |     2 ||     2
         Sleeping          |       |     1 ||     1
 Armour: Robe              |    24 |    40 ||    64
         Skin              |       |    13 ||    13
  Dodge: Dodged            |    13 |    45 ||    58

Table legend: (Time is in decaauts)
 A = Elapsed time spent in this place.
 B = Non-inter-level travel time spent in this place.
 C = Inter-level travel time spent in this place.
 D = Time resting spent in this place.
 E = Time spent auto-exploring this place.
 F = Levels seen in this place.
 G = Mean time per level.
                   A        B        C        D        E       F      G
               +--------+--------+--------+--------+--------+-----+--------+
         Total |   2920 |   2846 |     74 |      0 |   2443 |   4 |  730.0 |
       Dungeon |   2920 |   2846 |     74 |      0 |   2443 |   4 |  730.0 |
               +--------+--------+--------+--------+--------+-----+--------+

Top non-repeatable levels by time:
     D:1: 1243 daAuts
     D:3: 1007 daAuts
     D:2: 626 daAuts
     D:4: 43 daAuts
